 Dungeon Crawl Stone Soup version 0.22.1-1-ga44c0e5 (webtiles) character file.

406 gbos the Ruffian (level 6, -1/55 HPs)
             Began as a Draconian Transmuter on Oct 1, 2018.
             Killed by divine providence
             ... invoked by an orc priest
              (13 damage)
             ... on level 4 of the Dungeon.
             The game lasted 00:08:18 (3165 turns).

gbos the Ruffian (Draconian Transmuter)             Turns: 3165, Time: 00:08:19

Health: -1/55      AC:  7    Str: 14 (17) XL:     6   Next: 56%
Magic:  4/9        EV: 15    Int: 14 (16) God:
Gold:   176        SH:  0    Dex: 10 (11) Spells: 3/9 levels left

rFire    . . .     SeeInvis .     - Unarmed
rCold    . . .     Gourm    .   (no shield)
rNeg     . . .     Faith    .   (armour unavailable)
rPois    .         Spirit   .   (helmet restricted)
rElec    .         Reflect  .   (no cloak)
rCorr    .         Harm     .   s - +0 pair of gloves
MR       .....                  (no boots)
Stlth    +.........             (no amulet)
HPRegen  0.18/turn              e - +3 ring of evasion
MPRegen  0.11/turn              (no ring)

@: mighty
A: unfitting armour, cold-blooded, AC +6
a: no special abilities


You were on level 4 of the Dungeon.
You were not hungry.

You visited 1 branch of the dungeon, and saw 4 of its levels.

You collected 176 gold pieces.

Inventory:

Hand Weapons
 o - a +3 short sword of flaming
Missiles
 a - 17 arrows
Armour
 s - a +0 pair of gloves (worn)
Jewellery
 e - a +3 ring of evasion (left hand)
Wands
 q - a wand of acid (7)
Scrolls
 b - a scroll of immolation
 f - a scroll of remove curse
 i - 2 scrolls of blinking
 j - 2 scrolls of teleportation
 l - a scroll of enchant armour {unknown}
Potions
 d - a potion of agility {unknown}
 g - a potion of curing
 h - a potion of might
 p - a potion of lignification {unknown}
 t - a potion of brilliance {unknown}
Comestibles
 c - 10 rations


   Skills:
 - Level 4.9 Fighting
 + Level 2.3 Dodging
 - Level 5.4 Unarmed Combat
 - Level 2.0 Spellcasting
 + Level 2.5 Transmutations


You had 3 spell levels left.
You knew the following spells:

 Your Spells              Type           Power        Failure   Level  Hunger
a - Beastly Appendage     Tmut           #.....       9%          1    ##.....
b - Sticks to Snakes      Tmut           #.......     12%         2    ###....
c - Spider Form           Tmut/Pois      #.........   38%         3    ####...

Your spell library contained the following spells:

 Spells                   Type           Power        Failure   Level  Hunger
 Ice Form                 Ice/Tmut       #.......     80%         4    #####..
 Blade Hands              Tmut           #.........   92%         5    ######.


Dungeon Overview and Level Annotations

Branches:
Dungeon (4/15)             Temple (0/1) D:4

Altars:
Yredelemnul

Annotations:
D:3 1 runed door


Innate Abilities, Weirdness & Mutations

Your plain brown scales are hard. (AC +6)
You cannot fit into any form of body armour.
You are cold-blooded and may be slowed by cold attacks.


Message History

The orc wizard blinks!
Something hits you but does no damage.
Casting: Beastly Appendage (safe; 9% risk of failure)
Confirm with . or Enter, or press ? or * to list all spells.
Okay, then.
Casting: Beastly Appendage (safe; 9% risk of failure)
Confirm with . or Enter, or press ? or * to list all spells.
You create a snake!
You now have 18 arrows.
The orc priest mumbles some strange prayers to Beogh against you.
Beogh smites you!
* * * LOW HITPOINT WARNING * * *
The orc wizard casts a spell.
The orc wizard blinks!
Casting: Sticks to Snakes (safe; 12% risk of failure)
Confirm with . or Enter, or press ? or * to list all spells.
You create a snake!
You now have 17 arrows.
Something hits you but does no damage.
You swap places.
Something misses your adder.
The orc priest mumbles some strange prayers to Beogh against you.
Beogh smites you!
You die...

............... ...............
########## #.##.#
#........########.##.####..
#.............>o.o..........
#............o.#..).........
#..##.######...##..####.[###
########..##.SS##o§# ###
.......'......@+.....
.........#.......#......
.####..########..##.###..
.####..###..# #..##.#############
............###'###..............
............#.....#..........[...
............#.....#..............
............#.....#..............
............'..>..'..............


You could see an orc priest, an orc, a friendly adder and a friendly ball
python.

Vanquished Creatures
  An ogre (D:4)
  2 hounds
  An orc wizard (D:4)
  A worker ant (D:4)
  3 adders
  A gnoll (D:1)
  An adder skeleton (D:4)
  3 worms
  3 leopard geckos
  15 orcs
  8 bats
  6 giant cockroaches
  9 goblins
  6 hobgoblins
  6 kobolds
  A quokka (D:4)
  2 ball pythons
  3 frilled lizards
  A goblin skeleton (D:3)
  A jackal skeleton (D:3)
  A jackal zombie (D:3)
  2 rats (D:1)
77 creatures vanquished.

Vanquished Creatures (collateral kills)
  An ogre (D:4)
  A bullfrog skeleton (D:3)
  A leopard gecko (D:3)
  6 orcs
9 creatures vanquished.

Grand Total: 86 creatures vanquished

Notes
Turn   | Place    | Note
-------+----------+-------------------------------------------
     0 | D:1      | gbos the Draconian Transmuter began the quest for the Orb.
     0 | D:1      | Reached XP level 1. HP: 16/16 MP: 3/3
    35 | D:1      | Reached XP level 2. HP: 24/24 MP: 3/5
   572 | D:1      | Reached XP level 3. HP: 28/30 MP: 4/6
   802 | D:2      | Learned a level 2 spell: Sticks to Snakes
  1285 | D:2      | Reached skill level 4 in Unarmed Combat
  1690 | D:2      | Reached XP level 4. HP: 19/38 MP: 7/7
  1966 | D:3      | Found a runed door.
  1966 | D:3      | Noticed a human
  1972 | D:3      | Found a basalt altar of Yredelemnul.
  2176 | D:2      | Reached XP level 5. HP: 36/46 MP: 3/8
  2551 | D:4      | Noticed an ogre
  2576 | D:4      | Killed an ogre
  2576 | D:4      | Reached skill level 5 in Unarmed Combat
  2801 | D:4      | Reached XP level 6. HP: 40/53 MP: 6/9
  2907 | D:4      | Learned a level 3 spell: Spider Form
  3066 | D:4      | Found a staircase to the Ecumenical Temple.
  3165 | D:4      | Killed from afar by an orc priest

Skill      XL: |  1  2  3  4  5  6 |
---------------+-------------------+-----
Fighting       | 2 3 4 |  4.9
Unarmed Combat | 4 5 |  5.4
Dodging        | 2 |  2.3
Spellcasting   | |  2.0
Transmutations | |  2.5

Action                   |  1- 3 |  4- 6 || total
-------------------------+-------+-------++-------
Melee: Unarmed           |   153 |   135 ||   288
       Tailslap          |    16 |    14 ||    30
       Headbutt          |     7 |    11 ||    18
       Kick              |     6 |     8 ||    14
       Punch             |     1 |     1 ||     2
 Cast: Beastly Appendage |    30 |    24 ||    54
       Sticks to Snakes  |     2 |    18 ||    20
  Use: Scroll            |       |     9 ||     9
       Potion            |       |     3 ||     3
 Stab: Sleeping          |     2 |       ||     2
  Eat: Chunk             |     3 |     7 ||    10
Armor: Skin              |    65 |    32 ||    97
Dodge: Dodged            |   129 |    88 ||   217
